[Event "Live Chess"]
[Site "Chess.com"]
[Date "2024.06.02"]
[Round "-"]
[White "NAZRIZ1977"]
[Black "TheSmoulderingMaster"]
[Result "0-1"]
[WhiteElo "2160"]
[BlackElo "1738"]
[TimeControl "300"]
[EndTime "16:02:55 PDT"]
[Termination "TheSmoulderingMaster won by checkmate"]

1. d4 Nf6 2. Nc3 d6 3. e4 g6 4. Nge2 Bg7 5. f3 O-O 6. Be3 c6 7. Qd2 Qa5 8. O-O-O Nbd7 9. Bh6 b6 10. h4 b5 11. g4 b4 12. Nb1 Qxa2 13. h5 a5 14. hxg6 fxg6 15. Bxg7 Kxg7 16. Qh6+ Kf7 17. Ng3 a4 18. g5 a3 19. bxa3 bxa3 20. gxf6 Qb2+ 21. Kd2 Qxd4+ 22. Bd3 Qf2+ 23. Ne2 a2 24. Qxh7+ Kxf6 25. Nc3 Ne5 26. Ra1 Nxf3+ 27. Kc1 Qe3+ 28. Kb2 Be6 29.
Rxa2 Rfb8+ 30. Ka1 Rxa2+ 31. Nxa2 Ra8 32. Nc3 Qd4 33. Kb1 Rb8+ 34. Kc1 Bxa2 35. Rf1 Qe3+ 36. Kd1 Qd2# 0-1

[Event "Live Chess"]
[Site "Chess.com"]
[Date "2024.06.02"]
[Round "-"]
[White "nigelst"]
[Black "RapidMaster109"]
[Result "1-0"]
[WhiteElo "1701"]
[BlackElo "1140"]
[TimeControl "300"]
[EndTime "16:03:09 PDT"]
[Termination "nigelst won by resignation"]

1. e4 c5 2. Nf3 Nc6 3. Bb5 d6 4.
O-O Bd7 5. c3 e5 6. d4 g6 7. dxe5 Nxe5 8. Bxd7+ Nxd7 9. Bg5 Ngf6 10. Re1 h6 11. Bf4 Nb6 12. b3 Be7 13. e5 Nfd5 14.
Bg3 O-O 15. Qd2 Re8 16. Qxh6 1-0

[Event "Live Chess"]
[Site "Chess.com"]
[Date "2024.06.02"]
[Round "-"]
[White "stevochess11"]
[Black "LL220284LL"]
[Result "0-1"]
[WhiteElo "1707"]
[BlackElo "2514"]
[TimeControl "300"]
[EndTime "16:03:14 PDT"]
[Termination "LL220284LL won by checkmate"]

1. d4 e6 2. Nf3 b6 3. e3 Bb7 4. Bd3 f5 5. c4 Nf6 6. Nc3 Be7 7. d5 O-O 8. dxe6 dxe6 9. Ng5 Qc8 10. Qb3 Na6 11.
Be2 Nc5 12. Qc2 h6 13. Nf3 a5 14. O-O Nfe4 15. Bd3 Nxd3 16. Qxd3 Rd8 17. Qc2 Bf6 18. Nd4 Nxc3 19. bxc3 Be4 20. Qb3 e5 21. f3 Bd3 22.
Nc6 Bxf1 23. Nxd8 Qxd8 24. Kxf1 Qd3+ 25. Kg1 Rd8 26. c5+ Kh7 27. cxb6 cxb6 28. Kf2 e4 29. fxe4 fxe4 30. Qxb6 Bh4+ 31. g3 Qc2+ 32. Kf1 Rd1# 0-1

[Event "Live Chess"]
[Site "Chess.com"]
[Date "2024.06.02"]
[Round "-"]
[White "NottheBishopSacrifice"]
[Black "ShanthamGrarks"]
[Result "0-1"]
[WhiteElo "2286"]
[BlackElo "1819"]
[TimeControl "300"]
[EndTime "16:03:35 PDT"]
[Termination "ShanthamGrarks won by checkmate"]

1. Nf3 d6 2. g3 Nf6 3. Bg2 e5 4. O-O Be7 5. d3 O-O 6. Nbd2 Nc6 7. e4 Bg4 8. Nc4 Qd7 9. Ne3 Bh3 10.
Bxh3 Qxh3 11. Nf5 Ng4 12. Nxe7+ Nxe7 13. Be3 Ng6 14. Re1 f5 15. Qe2 f4 16. Bd2 fxg3 17. hxg3 Rxf3 18. Qxf3 Qh2+ 19. Kf1 Rf8 20. Qxg4 Qxf2# 0-1

[Event "Live Chess"]
[Site "Chess.com"]
[Date "2024.06.02"]
[Round "-"]
[White "lyricalschemes"]
[Black "KeithArkell"]
[Result "1/2-1/2"]
[WhiteElo "2330"]
[BlackElo "2416"]
[TimeControl "300"]
[EndTime "16:03:54 PDT"]
[Termination "Game drawn - timeout vs insufficient material"]

1. e4 c6 2. d4 d5 3. Nc3 dxe4 4. Nxe4 Nd7 5. Qe2 Ndf6 6. c3 Nxe4 7. Qxe4 Nf6 8. Qc2 g6 9. Nf3 Bf5 10. Bd3 Bxd3 11.
Qxd3 Bg7 12. O-O O-O 13. Re1 e6 14. Bg5 Qc7 15. Rad1 Rfe8 16. Ne5 Nd7 17. Ng4 h5 18. Ne3 Bf6 19. Bxf6 Nxf6 20. Nc4 Kg7 21. Ne5 Rad8 22. Qf3 Re7 23. Qf4 Nd5 24. Qh4 b5 25. Rd3 f6 26. Nf3 Qf4 27. Qh3 Qg4 28. Qxg4 hxg4 29. Nd2 Nf4 30. Rde3 g5 31. Ne4 Kf7 32. Nc5 Rd6 33.
Ne4 Rd5 34. g3 Ng6 35. f3 gxf3 36. Rxf3 Rf5 37. Nd6+ Kf8 38. Nxf5 exf5 39. Rxe7 Nxe7 40. Kf2 g4 41. Re3 Kf7 42. b3 Nd5 43. Rd3 f4 44. c4 Nb4 45. Rd2 f3 46. a3 Na6 47. d5 cxd5 48. cxb5 Nc7 49. h3 f5 50. Rd4 Nxb5 51.
Rxd5 Nxa3 52. Rxf5+ Ke6 53. hxg4 Nc2 54. Ra5 Nd4 55.
Rxa7 Nxb3 56. Kxf3 Kf6 57. Kf4 Nd4 58. Ra6+ Kf7 59. Ke5 Nf3+ 60. Kf5 Nd4+ 1/2-1/2

[Event "Live Chess"]
[Site "Chess.com"]
[Date "2024.06.02"]
[Round "-"]
[White "koekoekoe"]
[Black "degringolade64"]
[Result "0-1"]
[WhiteElo "1961"]
[BlackElo "2127"]
[TimeControl "300"]
[EndTime "16:04:01 PDT"]
[Termination "degringolade64 won by checkmate"]

1. d4 Nf6 2. Bf4 d5 3. e3 c5 4. c3 Nc6 5. Nf3 Qb6 6. Qb3 c4 7. Qc2 Bf5 8. Qxf5 Qxb2 9. Be2 e6 10. Qg5 Qxa1 11. O-O Qxa2 12. Ne5 Qxe2 13. Nxc6 bxc6 14. Be5 Ne4 15. Qf4 g5 16. Qf3 Qxf3 17. gxf3 f6 18. fxe4 fxe5 19. exd5 cxd5 20. Nd2 exd4 21. exd4 g4 22.
Re1 Kd7 23. Re5 Bh6 24. Nf1 Rhf8 25. Rh5 Rf6 26. Ne3 Rg8 27. Kg2 Kd6 28. Kg3 Bxe3 29. fxe3 Rf3+ 30. Kh4 Rh3# 0-1

[Event "Live Chess"]
[Site "Chess.com"]
[Date "2024.06.02"]
[Round "-"]
[White "blunderabit"]
[Black "booktrunk"]
[Result "0-1"]
[WhiteElo "1776"]
[BlackElo "1485"]
[TimeControl "300"]
[EndTime "16:04:18 PDT"]
[Termination "booktrunk won by resignation"]

1. e4 b6 2. d4 Bb7 3. Nc3 e6 4. a3 h6 5. Nf3 Nf6 6. Bd3 c5 7. O-O cxd4 8. Nxd4 Bc5 9. Nb3 Be7 10.
e5 Nd5 11. Qg4 Bg5 12. f4 Be7 13. Qxg7 Rf8 14. Ne4 d6 15. exd6 Bxd6 16. Qxh6 Be7 17. Bd2 Nd7 18. Rae1 Qc7 19. Nd4 O-O-O 20. Nb5 Qb8 21.
Qg7 Bf6 22. Nxf6 N7xf6 23. Qg3 a6 24. c4 Ne7 25. Nc3 Rg8 26. Qf2 Rxg2+ 27. Qxg2 Bxg2 28. Kxg2 Qb7+ 29. Rf3 Rxd3 0-1

[Event "Live Chess"]
[Site "Chess.com"]
[Date "2024.06.02"]
[Round "-"]
[White "IgorSchukin"]
[Black "grillage"]
[Result "1/2-1/2"]
[WhiteElo "1718"]
[BlackElo "1867"]
[TimeControl "300"]
[EndTime "16:04:35 PDT"]
[Termination "Game drawn - insufficient material"]

1. e4 d5 2. exd5 Qxd5 3. Nc3 Qd8 4. g3 Nf6 5. Bg2 c6 6. Nf3 Bg4 7. O-O e6 8. h3 Bxf3 9. Qxf3 Bd6 10. d4 Nbd7 11.
Bg5 O-O 12. Rfe1 Qc7 13. Rad1 Rfe8 14. Bxf6 Nxf6 15. Ne4 Nxe4 16. Qxe4 Rad8 17. a3 Be7 18. b4 a6 19. c4 Bf6 20. d5 cxd5 21. cxd5 g6 22.
dxe6 Rxe6 23. Rxd8+ Qxd8 24. Qb1 Rxe1+ 25. Qxe1 Qb6 26.
Qe4 Bd4 27. Qxb7 Bxf2+ 28. Kh2 Qd6 29. Qf3 Bd4 30. Bf1 Be5 31. Qd3 h5 32. Qxd6 Bxd6 33. Bxa6 h4 34. b5 Bxa3 35. gxh4 Bd6+ 36. Kg2 Kg7 37.
b6 Kh6 38. b7 Kh5 39. Bc4 f6 40. Bf7 Kxh4 41. Bxg6 Kg5 42. Bd3 f5 43. Kf3 f4 44.
Bf1 Kh4 45. Ke4 Kg3 46. Kd5 Bb8 47. Kc6 f3 48. Kd7 Kf2 49. Bb5 Kg3 50. Kc8 Bf4 51.
b8=Q Bxb8 52. Kxb8 Kxh3 53. Kc7 f2 54. Kd6 Kg2 55. Ke5 f1=Q 56. Bxf1+ 1/2-1/2

[Event "Live Chess"]
[Site "Chess.com"]
[Date "2024.06.02"]
[Round "-"]
[White "gmnorfolk"]
[Black "gobbles19"]
[Result "1-0"]
[WhiteElo "2133"]
[BlackElo "2276"]
[TimeControl "300"]
[EndTime "16:04:46 PDT"]
[Termination "gmnorfolk won by resignation"]

1. d4 Nf6 2. c4 e6 3. Nc3 c5 4.
Nf3 cxd4 5. Nxd4 Bb4 6. g3 d5 7. Qa4+ Nc6 8. Nxc6 Bxc3+ 9. bxc3 bxc6 10. Bg2 Bd7 11.
O-O O-O 12. Ba3 Re8 13. Bc5 e5 14. Rfd1 e4 15. Qc2 Qc8 16. Bd4 Ng4 17. cxd5 cxd5 18. h3 Ne5 19. Kh2 Nc4 20. Qc1 Qa6 21. Qg5 Qg6 22. Qxd5 Be6 23. Qxe4 Bf5 24. Qf4 Rad8 25. g4 Be4 26. f3 Bc2 27. Re1 h5 28. e4 hxg4 29.
hxg4 Ba4 30. Kg3 Nb2 31. Qd2 Nc4 32. Qf2 Qd6+ 33. f4 Rb8 34. e5 Qd7 35. Re2 Bb5 36. a4 Ba6 37. Be4 Bc8 38. Bf5 Qc6 39. Qh2 Bxf5 40. gxf5 Qd7 41. Rh1 1-0

[Event "Live Chess"]
[Site "Chess.com"]
[Date "2024.06.02"]
[Round "-"]
[White "TheSmoulderingMaster"]
[Black "nigelst"]
[Result "1-0"]
[WhiteElo "1745"]
[BlackElo "1694"]
[TimeControl "300"]
[EndTime "16:05:49 PDT"]
[Termination "TheSmoulderingMaster won by resignation"]

1. e4 c6 2. d4 d5 3. Nc3 dxe4 4. Nxe4 Bf5 5. Ng3 Bg6 6. Nh3 e6 7. Nf4 Bd6 8. h4 Qc7 9. h5 Bxf4 10. hxg6 h6 11. Qf3 Bxc1 12. Rxc1 fxg6 13. Bc4 Qd6 14. c3 Nf6 15. O-O O-O 16. Rfe1 Nh5 17. Rxe6 Rxf3 18. Rxd6+ Rf7 19. Rd8+ Kh7 20. Bxf7 1-0

[Event "Live Chess"]
[Site "Chess.com"]
[Date "2024.06.02"]
[Round "-"]
[White "Duke_of_Bebington"]
[Black "NebodarMatevich"]
[Result "1/2-1/2"]
[WhiteElo "1652"]
[BlackElo "1566"]
[TimeControl "300"]
[EndTime "16:06:00 PDT"]
[Termination "Game drawn by repetition"]

1. e4 d5 2. exd5 Qxd5 3. Nf3 Nf6 4. d4 Nc6 5. c3 Bg4 6. Be2 O-O-O 7. O-O e5 8. Nxe5 Bxe2 9. Qxe2 Nxe5 10. dxe5 Ne4 11.
Be3 a6 12. Na3 Qxe5 13. Rfe1 Qf5 14. Rad1 Bd6 15. Bd4 Nf6 16. Bxf6 gxf6 17. Nc4 Rhe8 18. Qxe8 Rxe8 19. Rxe8+ Kd7 20. Nxd6 cxd6 21. Rde1 Qc2 22. R8e2 Qd3 23. Re7+ Kc6 24. h3 Qd2 25. R7e2 Qd5 26.
b3 b5 27. Re7 Qd2 28. R7e2 Qxc3 29. Re7 Qd2 30. R1e2 Qd1+ 31. Kh2 Qd5 32. Rc2+ Kb6 33. Rcc7 Ka5 34. Rxf7 Qe5+ 35. g3 Qd4 36. Kg2 Qe4+ 37.
Kh2 Qd4 38. Kg1 Qd1+ 39. Kg2 Qd5+ 40. Kg1 Qd1+ 41. Kh2 Qd4 1/2-1/2

[Event "Live Chess"]
[Site "Chess.com"]
[Date "2024.06.02"]
[Round "-"]
[White "MagnersCarlsberg2870"]
[Black "Queensandpawns"]
[Result "0-1"]
[WhiteElo "1765"]
[BlackElo "2321"]
[TimeControl "300"]
[EndTime "16:06:19 PDT"]
[Termination "Queensandpawns won by resignation"]

1. Nf3 e5 2. Nxe5 Nc6 3. Nxc6 dxc6 4. e4 Nf6 5. e5 Ne4 6. Qf3 Ng5 7. Qb3 Bc5 8. c3 Bxf2+ 9. Kxf2 Ne4+ 10. Ke1 Qh4+ 11. g3 Nxg3 12. hxg3 Qe4+ 13. Kf2 Qxh1 14. d4 Qh2+ 15. Kf3 h5 16. Bf4 Bg4+ 17. Ke3 Qh1 18. Nd2 Qg1+ 19. Kd3 Bf5+ 20. Kc4 Qh1 21. Qxb7 Qd5+ 22.
Kb4 c5+ 0-1

[Event "Live Chess"]
[Site "Chess.com"]
[Date "2024.06.02"]
[Round "-"]
[White "GwaryTek"]
[Black "upoe610"]
[Result "1-0"]
[WhiteElo "1930"]
[BlackElo "2185"]
[TimeControl "300"]
[EndTime "16:06:21 PDT"]
[Termination "GwaryTek won by resignation"]

1. d4 Nf6 2. c4 c5 3. d5 b5 4. cxb5 a6 5. b6 e6 6. Nc3 Nxd5 7. Nxd5 exd5 8. Qxd5 Nc6 9. Nf3 Rb8 10. Ne5 Qf6 11. Nxc6 dxc6 12. Qe4+ Be7 13. h4 Rxb6 14.
g3 Bf5 15. Qf3 O-O 16. Bg2 Bd6 17. O-O Be5 18. Bg5 Qe6 19. Be3 Bg4 20. Qe4 Bxe2 21. Rfe1 Bc4 22. Bxc5 Bxb2 23. Qxe6 fxe6 24. Bxb6 Bxa1 25.
Rxa1 Rb8 26. Bd4 Rc8 27. a3 c5 28. Bc3 Kf7 29. Rd1 Rc7 30. Rd6 Bb5 31. Bh3 Re7 32. Rb6 e5 33. Bg2 e4 34. Kh2 e3 35. fxe3 Rxe3 36.
Rb7+ Kf8 37. Bxg7+ Kg8 38. Bd5+ 1-0

[Event "Live Chess"]
[Site "Chess.com"]
[Date "2024.06.02"]
[Round "-"]
[White "ACM42"]
[Black "NAZRIZ1977"]
[Result "1-0"]
[WhiteElo "2163"]
[BlackElo "2152"]
[TimeControl "300"]
[EndTime "16:06:30 PDT"]
[Termination "ACM42 won by resignation"]

1. e4 c5 2. Nf3 d6 3. d4 cxd4 4.
Nxd4 Nf6 5. Nc3 g6 6. f4 a6 7. Be3 Nc6 8. Be2 Bg7 9. O-O O-O 10.
Nxc6 bxc6 11. e5 dxe5 12. fxe5 Nd5 13. Nxd5 Qxd5 14. Qxd5 cxd5 15. Bd4 Bf5 16. c3 a5 17.
h3 h5 18. Bf3 e6 19. Rf2 Rab8 20. Rd2 Bh6 21. Rf2 a4 22. Rd1 Rfc8 23. g4 hxg4 24. hxg4 Be4 25. Bxe4 dxe4 26. Re1 a3 27. b3 e3 28.
Bxe3 Bxe3 29. Rxe3 Rc5 30. c4 Kg7 31. Rd2 Rh8 32. Rd7 Rh4 33. Re4 Kf8 34. Ra7 1-0

[Event "Live Chess"]
[Site "Chess.com"]
[Date "2024.06.02"]
[Round "-"]
[White "jk0110"]
[Black "viktor_forever1994"]
[Result "0-1"]
[WhiteElo "1225"]
[BlackElo "1375"]
[TimeControl "300"]
[EndTime "16:06:59 PDT"]
[Termination "viktor_forever1994 won on time"]

1. e4 e5 2. d4 exd4 3. c3 Nc6 4. cxd4 Bb4+ 5. Nc3 d6 6. Bc4 Nf6 7. a3 Ba5 8. b4 Bb6 9. Nf3 a6 10. O-O Bg4 11.
Bg5 h6 12. Bxf6 Qxf6 13. e5 dxe5 14. dxe5 Nxe5 15. Re1 O-O 16. Nd5 Nxf3+ 17. gxf3 Qxf3 18. Ne7+ Kh8 19. Qc2 Qxf2+ 20. Qxf2 Bxf2+ 21. Kxf2 b5 22. Bb3 Rfe8 23. Bxf7 Rf8 24. Ng6+ Kh7 25. Nxf8+ Rxf8 26. Kg3 Bc8 27. Rf1 Kh8 28. Bg6 Rd8 29. Rad1 Rg8 30. Rd2 Bb7 31. Rdf2 Bd5 32. Rf8 Bc4 33. Rxg8+ Bxg8 34. Rf8 h5 35. Bf7 Kh7 36. Bxg8+ Kg6 37. Be6 Kg5 38.
Rf5+ Kg6 39. Kh4 Kh6 40. Rxh5+ Kg6 41. Rg5+ Kf6 0-1

[Event "Live Chess"]
[Site "Chess.com"]
[Date "2024.06.02"]
[Round "-"]
[White "CheckThis4"]
[Black "katoma"]
[Result "1-0"]
[WhiteElo "2689"]
[BlackElo "2035"]
[TimeControl "300"]
[EndTime "16:07:00 PDT"]
[Termination "CheckThis4 won by resignation"]

1. d4 Nf6 2. c4 g6 3. Nc3 d5 4. cxd5 Nxd5 5. e4 Nxc3 6. bxc3 Bg7 7. Bc4 c5 8. Ne2 Nc6 9. Be3 Qa5 10. O-O O-O 11.
Rb1 Rd8 12. Rb5 Qc7 13. Rxc5 b6 14. Rd5 Bb7 15. Bf4 e5 16. Bg5 Rxd5 17. Bxd5 exd4 18. cxd4 Nb4 19. Bf4 Qe7 20. Bxb7 Qxb7 21. d5 Nxa2 22. Qb3 Qa6 23. Ng3 Nc3 24. e5 Ne2+ 25. Nxe2 Qxe2 26.
e6 fxe6 27. dxe6 Re8 28. Be3 Qb2 29. Qd5 Qe5 30. Qd7 Qxe6 31. Qxa7 b5 32. Qb7 Qe5 33. h4 Rb8 34. Qa7 b4 35. g3 b3 36. Bf4 1-0

[Event "Live Chess"]
[Site "Chess.com"]
[Date "2024.06.02"]
[Round "-"]
[White "CarmelJane"]
[Black "Sir_Sigmund"]
[Result "0-1"]
[WhiteElo "2061"]
[BlackElo "1849"]
[TimeControl "300"]
[EndTime "16:07:01 PDT"]
[Termination "Sir_Sigmund won by resignation"]

1. Nf3 g6 2. e4 Bg7 3. d4 d6 4. Nc3 Nf6 5. Bf4 O-O 6. Qd2 Nc6 7. Bh6 e5 8. d5 Ne7 9. h4 Bg4 10. Be2 Nh5 11. Bxg7 Kxg7 12. Nh2 Bxe2 13. Qxe2 f5 14. O-O-O Nf4 15. Qf1 h5 16. g3 fxe4 17. gxf4 Rxf4 18. Qg2 Nf5 19. Rhg1 Nxh4 20. Qh1 Qf6 21. Nxe4 Qf7 22. Ng5 Qf6 23. Ne6+ Kh7 24. Nxf4 Qxf4+ 25. Kb1 Rf8 26. f3 Nf5 27. Ng4 Nd4 28. Qg2 hxg4 29. Qxg4 Qxg4 30. fxg4 Rf2 31. c3 Nf3 32. Rh1+ Kg7 33. Kc1 Rg2 34.
Rhg1 Nxg1 35. a4 Rxg4 0-1

[Event "Live Chess"]
[Site "Chess.com"]
[Date "2024.06.02"]
[Round "-"]
[White "RichardABates"]
[Black "StoreySniper"]
[Result "1/2-1/2"]
[WhiteElo "2311"]
[BlackElo "2529"]
[TimeControl "300"]
[EndTime "16:07:07 PDT"]
[Termination "Game drawn by repetition"]

1. d4 g6 2. Nf3 Bg7 3. g3 c5 4. c3 cxd4 5. cxd4 d5 6. Bg2 Nc6 7. O-O e6 8. Nc3 Nge7 9. Bf4 O-O 10.
Qd2 Nf5 11. Rad1 Ncxd4 12. Nxd4 Nxd4 13. e4 dxe4 14. Nxe4 e5 15. Bh6 Bf5 16. Bxg7 Kxg7 17. f4 Qb6 18. Kh1 Rad8 19. fxe5 Nf3 20. Qc3 Rxd1 21.
Rxd1 Bxe4 22. Bxf3 Rc8 23. Qa3 Bxf3+ 24. Qxf3 Rc2 25.
Rd7 Rc1+ 26. Kg2 Qxb2+ 27. Kh3 Qxa2 28. Qf6+ Kh6 29. Rxf7 Qc4 30. Qg7+ Kg5 31. Qf6+ Kh6 32. e6 Re1 33. Qg7+ Kg5 34. Qf6+ Kh6 35. Qg7+ Kg5 36.
Qf6+ Kh6 1/2-1/2

[Event "Live Chess"]
[Site "Chess.com"]
[Date "2024.06.02"]
[Round "-"]
[White "raclement"]
[Black "toog"]
[Result "0-1"]
[WhiteElo "1729"]
[BlackElo "2600"]
[TimeControl "300"]
[EndTime "16:07:12 PDT"]
[Termination "toog won by resignation"]

1. Nf3 Nf6 2. g3 c5 3. Bg2 Nc6 4. O-O e5 5. c4 Be7 6. Nc3 d6 7. d3 O-O 8. a3 h6 9. Rb1 a5 10.
b3 Be6 11. h3 Qd7 12. Kh2 Nd4 13. Nxd4 exd4 14. Nb5 d5 15. e3 dxe3 16. Bxe3 Rfd8 17. Qc2 Bf5 18. g4 Bg6 19. Bf4 dxc4 20. Qxc4 Bxd3 21.
Rfd1 Bxc4 22. Rxd7 Rxd7 23. bxc4 Re8 24. Nc3 Bd6 25.
Bxd6 Rxd6 26. Nd5 Nxd5 27. Bxd5 b6 28. Rb3 g6 29. Kg3 Kg7 30. f3 Re5 31. f4 Re1 32.
Kf3 Rd1 33. Re3 R1xd5 34. cxd5 Rxd5 35. Rb3 Rd6 36. a4 Kf6 37. h4 Ke6 38. Re3+ Kd7 39. f5 gxf5 40. g5 hxg5 41. hxg5 Rd4 42. Re5 Rxa4 43. Rxf5 Ke7 44. Rf6 Rb4 0-1

[Event "Live Chess"]
[Site "Chess.com"]
[Date "2024.06.02"]
[Round "-"]
[White "wadsy27"]
[Black "dmitro74"]
[Result "1-0"]
[WhiteElo "2569"]
[BlackElo "1648"]
[TimeControl "300"]
[EndTime "16:07:19 PDT"]
[Termination "wadsy27 won by checkmate"]

1. c4 e5 2. g3 f5 3. d4 e4 4.
Nc3 Nf6 5. Bg2 c6 6. Nh3 d5 7.
cxd5 cxd5 8. Bg5 Be7 9. Nf4 O-O 10. Bxf6 Bxf6 11. Ncxd5 g5 12. Nxf6+ Rxf6 13. Nh3 Rb6 14. O-O Be6 15. e3 Rxb2 16. Qh5 Bf7 17. Qxg5+ Qxg5 18. Nxg5 Bxa2 19. Rfc1 Na6 20. g4 h6 21. gxf5 hxg5 22. Bxe4 Nb4 23. Bxb7 Rf8 24. Bc8 Nd3 25. Rc7 Nxf2 26.
Rxa2 Rxa2 27. Be6+ Kh8 28. Bxa2 Ng4 29. e4 Re8 30. e5 Rd8 31. f6 Rxd4 32. Rc8+ Kh7 33. Bb1+ Kh6 34. Rh8# 1-0

[Event "Live Chess"]
[Site "Chess.com"]
[Date "2024.06.02"]
[Round "-"]
[White "jimwad"]
[Black "Rusty_Bridges"]
[Result "1-0"]
[WhiteElo "1318"]
[BlackElo "1482"]
[TimeControl "300"]
[EndTime "16:07:31 PDT"]
[Termination "jimwad won by resignation"]

1. d4 d5 2. c4 e6 3. Nc3 Nf6 4. Bg5 Be7 5. Nf3 c6 6. c5 b6 7. b4 Nbd7 8. e3 b5 9. Be2 a5 10. a3 Ne4 11. Bxe7 Qxe7 12. Nxe4 dxe4 13. Nd2 f5 14. O-O Nf6 15. Qb3 Nd5 16. f3 a4 17.
Qb2 Nxe3 18. Rf2 exf3 19. Bxf3 Nd5 20. Re2 O-O 21. Rae1 Qf6 22. Re5 Bd7 23. Nf1 g5 24.
Bxd5 cxd5 25. Qc2 Rac8 26. Ng3 Qg6 27. Qe2 f4 28. Nf1 h5 29. h3 Kh7 30. Nd2 Kh6 31. Nf3 Rf5 32. Kh2 g4 33. Nh4 1-0

[Event "Live Chess"]
[Site "Chess.com"]
[Date "2024.06.02"]
[Round "-"]
[White "IgorSchukin"]
[Black "lyricalschemes"]
[Result "1-0"]
[WhiteElo "1733"]
[BlackElo "2271"]
[TimeControl "300"]
[EndTime "16:07:53 PDT"]
[Termination "IgorSchukin won by resignation"]

1. e4 Nf6 2. Nc3 e5 3. Nf3 Nc6 4. d4 exd4 5. Nxd4 Nxe4 6. Nxe4 Qe7 7. f3 d5 8. Bb5 Bd7 9. Bxc6 bxc6 10. O-O dxe4 11.
Re1 O-O-O 12. Rxe4 Qc5 13. Be3 Qa5 14. c3 Bc5 15. b4 1-0

[Event "Live Chess"]
[Site "Chess.com"]
[Date "2024.06.02"]
[Round "-"]
[White "Outspanner"]
[Black "TigerTank70"]
[Result "0-1"]
[WhiteElo "1529"]
[BlackElo "2238"]
[TimeControl "300"]
[EndTime "16:07:56 PDT"]
[Termination "TigerTank70 won on time"]

1. Nf3 d6 2. d4 Nf6 3. c4 e6 4.
Nc3 Be7 5. g4 Nc6 6. g5 Nd7 7.
h4 e5 8. d5 Ncb8 9. e4 c6 10.
Be3 Nb6 11. Be2 Bg4 12. c5 dxc5 13. dxc6 Nxc6 14. Nd2 Bxe2 15. Qxe2 Nd4 16. Bxd4 cxd4 17. Qb5+ Qd7 18. Qxd7+ Nxd7 19. Nd5 Rc8 20. f4 Bd6 21. f5 Rc2 22. f6 gxf6 23. gxf6 Nb6 24. Nxb6 axb6 25. Rb1 Bb4 26. Rh2 Rg8 27. a3 Bxd2+ 28.
Rxd2 Rg1+ 29. Ke2 Rxd2+ 30. Kxd2 Rxb1 0-1

[Event "Live Chess"]
[Site "Chess.com"]
[Date "2024.06.02"]
[Round "-"]
[White "GEMdzq"]
[Black "oscalik"]
[Result "1-0"]
[WhiteElo "2299"]
[BlackElo "2285"]
[TimeControl "300"]
[EndTime "16:07:59 PDT"]
[Termination "GEMdzq won on time"]

1. e4 c5 2. d4 cxd4 3. c3 dxc3 4.
Nxc3 Nc6 5. Bc4 e6 6. Nf3 a6 7.
O-O b5 8. Bb3 Na5 9. Bf4 Nxb3 10. axb3 Bb7 11. Re1 Bc5 12. Rc1 Rc8 13. Nd5 d6 14. b4 Bxd5 15. bxc5 Bc6 16. Bxd6 Ne7 17. Ne5 O-O 18. Qg4 Re8 19. h4 Ng6 20. h5 Nxe5 21. Bxe5 f6 22. Bd6 Qd7 23. Rc3 e5 24. Qh4 Re6 25.
Rg3 Rxd6 26. cxd6 Qxd6 27. Rxg7+ Kxg7 28. Qg4+ Kf7 29. Qxc8 Qd2 30. Rf1 Bxe4 31. Qc7+ Ke6 32. Qc8+ Ke7 33. Qc3 Qg5 34. Qc5+ Kf7 35. Qa7+ Ke6 36.
Qxa6+ Kf5 37. Qc8+ Kf4 38. g3+ 1-0

[Event "Live Chess"]
[Site "Chess.com"]
[Date "2024.06.02"]
[Round "-"]
[White "stevochess11"]
[Black "ShanthamGrarks"]
[Result "1-0"]
[WhiteElo "1717"]
[BlackElo "1797"]
[TimeControl "300"]
[EndTime "16:08:01 PDT"]
[Termination "stevochess11 won by resignation"]

1. d4 e6 2. Nf3 Nf6 3. e3 d5 4. Bd3 c5 5. O-O Nc6 6. b3 cxd4 7. exd4 Bd6 8. a3 O-O 9. Bb2 Bd7 10. Ne5 Qc7 11. Qe2 Ne4 12. f3 Nxe5 13. fxe4 Nxd3 14.
Qxd3 dxe4 15. Qxe4 Bc6 16. Qh4 Be7 17. Qg4 f5 18.
Qh3 Bf6 19. c4 Be4 20. Nd2 Qd7 21. Nxe4 fxe4 22. Rad1 Rad8 23. Bc3 e5 24. Qxd7 Rxd7 25. dxe5 Rxd1 26. Rxd1 Bg5 27. Rd7 e3 28. e6 e2 29.
Rxg7+ Kh8 30. Rxg5+ 1-0

[Event "Live Chess"]
[Site "Chess.com"]
[Date "2024.06.02"]
[Round "-"]
[White "DoctorMantisTobogganMD"]
[Black "NeilDruggan73"]
[Result "1-0"]
[WhiteElo "2179"]
[BlackElo "1747"]
[TimeControl "300"]
[EndTime "16:08:08 PDT"]
[Termination "DoctorMantisTobogganMD won by checkmate"]

1. e4 d6 2. d4 Nf6 3. Nc3 g6 4. Nf3 Bg7 5. h3 c6 6. a4 a5 7. Be3 Nbd7 8. e5 Nd5 9. Nxd5 cxd5 10.
exd6 O-O 11. dxe7 Qxe7 12. Bd3 Qb4+ 13. Qd2 Qxb2 14. O-O Qb6 15. Rfb1 Qe6 16. Bh6 f5 17. Bxg7 Kxg7 18. Re1 Qf6 19. Ne5 Nxe5 20. Rxe5 Bd7 21. Bb5 Bc6 22. Bxc6 bxc6 23. Rb1 Rfe8 24. Rb7+ Kg8 25.
f4 Rxe5 26. fxe5 Qf8 27. Qc3 Qc8 28. Rb6 Ra6 29. Rb1 Kf7 30. Qc5 Qd8 31. Rb7+ Ke6 32. Rxh7 Rb6 33. Rg7 Rb1+ 34. Kh2 f4 35. Qxc6+ Kf5 36.
Qxg6# 1-0

[Event "Live Chess"]
[Site "Chess.com"]
[Date "2024.06.02"]
[Round "-"]
[White "KwikPhoenix"]
[Black "cymbalshift"]
[Result "1-0"]
[WhiteElo "2444"]
[BlackElo "1692"]
[TimeControl "300"]
[EndTime "16:08:39 PDT"]
[Termination "KwikPhoenix won on time"]

1. b3 Nf6 2. Bb2 d6 3. e3 g6 4.
d4 Bg7 5. Nf3 O-O 6. Bd3 Nbd7 7.
Nbd2 Re8 8. O-O e5 9. dxe5 dxe5 10. e4 c6 11. Nc4 Qc7 12. a4 Nh5 13. Bc1 Nf4 14. g3 Ne6 15. Bb2 Nd4 16. Nxd4 exd4 17.
Re1 b5 18. axb5 cxb5 19. Na3 b4 20. Nc4 Bb7 21. Qd2 a5 22. f3 Nc5 23. Ra2 f5 24.
exf5 Bxf3 25. Rf1 Bg4 26. fxg6 Bh3 27. gxh7+ Kh8 28. Raa1 a4 29. Qxb4 Nxd3 30. cxd3 axb3 31.
Qxb3 Rab8 32. Qc2 Qc6 33. Rf7 Rb7 34. Rxb7 Qxb7 35. Nd6 Qe7 36. Nxe8 Qe3+ 37. Qf2 Qxe8 38. Bxd4 1-0

[Event "Live Chess"]
[Site "Chess.com"]
[Date "2024.06.02"]
[Round "-"]
[White "koekoekoe"]
[Black "EPotapov05"]
[Result "1-0"]
[WhiteElo "1966"]
[BlackElo "1805"]
[TimeControl "300"]
[EndTime "16:08:40 PDT"]
[Termination "koekoekoe won by checkmate"]

1. d4 d5 2. Bf4 Nf6 3. e3 c6 4. c4 Bf5 5. Nc3 e6 6. Nf3 Bd6 7. Bg3 Bxg3 8. hxg3 h6 9. Be2 Nbd7 10. O-O O-O 11.
Rc1 Qe7 12. b4 dxc4 13. Bxc4 e5 14. dxe5 Nxe5 15. Nxe5 Qxe5 16. Qb3 Rad8 17. Rfd1 Rxd1+ 18. Rxd1 Ne4 19. Nxe4 Bxe4 20. Rd7 b5 21. Bxf7+ Kh8 22. Bh5 Qxh5 23. Qe6 Bd5 24. Qe7 Qf7 25. Qd6 Qe6 26. Qxf8+ Kh7 27. Qxg7# 1-0

[Event "Live Chess"]
[Site "Chess.com"]
[Date "2024.06.02"]
[Round "-"]
[White "gobbles19"]
[Black "grillage"]
[Result "1-0"]
[WhiteElo "2278"]
[BlackElo "1865"]
[TimeControl "300"]
[EndTime "16:08:41 PDT"]
[Termination "gobbles19 won by resignation"]

1. e4 d5 2. exd5 Qxd5 3. Nc3 Qd8 4. d4 Nf6 5. Bc4 a6 6. a4 Nc6 7. Nf3 Bg4 8. Be3 e6 9. h3 Bh5 10. g4 Bg6 11. Bd3 Bxd3 12. Qxd3 Nb4 13. Qe2 Nbd5 14.
O-O Nxe3 15. fxe3 c6 16. Ne5 h6 17. Qf3 Bd6 18. Rad1 Qc7 19. Nc4 O-O 20. Nxd6 Qxd6 21. e4 Rad8 22. e5 Qb4 23. exf6 Qxb2 24. fxg7 1-0